 Dungeon Crawl Stone Soup version 0.29-a0-925-g0a7a3d12f8 (webtiles) character file.

Game seed: 8372684876381201540

2310 quixfox the Geomancer (level 9, -12/52 HPs)
             Began as a Gargoyle Earth Elementalist on July 27, 2022.
             Mangled by an orc warrior
             ... wielding a +1 halberd of electrocution
              (22 damage)
             ... in a bailey on July 28, 2022.
             The game lasted 00:26:20 (7280 turns).

quixfox the Geomancer (Gargoyle Earth Elementalist) Turns: 7280, Time: 00:26:20

Health: -12/52     AC: 12    Str: 13    XL:     9   Next: 41%
Magic:  15/18      EV: 11    Int: 19    God:
Gold:   488        SH:  0    Dex: 10    Spells: 9/20 levels left

rFire   . . .      SeeInvis .   r - staff of earth
rCold   . . .      Faith    .   (no shield)
rNeg    + . .      Spirit   .   m - +1 robe {Will+}
rPois   ∞          Reflect  .   h - +2 helmet
rElec   +          Harm     .   (no cloak)
rCorr   .          Rampage  .   (no gloves)
Will    +....                   (no boots)
Stlth   ++........              q - amulet of the acrobat
HPRegen 0.17/turn               (no ring)
MPRegen 0.16/turn               (no ring)

@: no status effects
A: sickness immunity, AC +6, negative energy resistance 1, electricity
resistance, torment resistance 1, petrification resistance
a: no special abilities


You were in a bailey.
You visited 2 branches of the dungeon, and saw 8 of its levels.
You also visited: Sewer and Bailey.

You collected 668 gold pieces.
You spent 180 gold pieces at shops.

Inventory:

Missiles
 j - 8 poisoned darts
Armour
 h - a +2 helmet (worn)
 m - a +1 robe of willpower (worn)
 z - a +4 ring mail of cold resistance
Magical Staves
 r - a staff of earth (weapon)
Jewellery
 q - an amulet of the acrobat (around neck)
Wands
 c - a wand of light (18)
 e - a wand of mindburst (3)
 o - a wand of flame (42)
 A - a wand of polymorph (7)
Scrolls
 a - 3 scrolls of fog
 g - a scroll of brand weapon
 k - a scroll of poison
 u - a scroll of teleportation
 v - a scroll of amnesia
 x - a scroll of identify
Potions
 b - 3 potions of magic
 d - a potion of degeneration {unknown}
 f - a potion of lignification {unknown}
 i - a potion of mutation
 l - a potion of brilliance
 p - a potion of berserk rage
 s - 2 potions of cancellation
 t - 3 potions of heal wounds {unknown}
 w - 2 potions of attraction {unknown}
 B - a potion of might {unknown}
 C - a potion of haste {unknown}


   Skills:
 + Level 4.3 Fighting
 + Level 1.8 Staves
 - Level 1.5 Dodging
 - Level 2.1 Stealth
 + Level 6.0 Spellcasting
 + Level 6.2 Conjurations
 - Level 0.7 Transmutations
 + Level 8.3 Earth Magic
 + Level 3.4 Evocations


You had 9 spell levels left.
You knew the following spells:

 Your Spells              Type           Power      Damage    Failure   Level
a - Sandblast             Erth           100%       2d20      1%          1
b - Passwall              Tmut/Erth      28%        N/A       2%          2
c - Stone Arrow           Conj/Erth      98%        3d13      1%          3
d - Lee's Rapid Deconstr  Erth           27%        3d15*     11%         5

Your spell library contained the following spells:

 Spells                   Type           Power      Damage    Failure   Level
 Petrify                  Tmut/Erth      34%        N/A       17%         4
 Fulminant Prism          Conj/Hex       8%         3d7       30%         4
 Iskenderun's Mystic Bla  Conj/Tloc      17%        2d5       30%         4


Dungeon Overview and Level Annotations

Branches:
Dungeon (7/15)             Temple (1/1) D:5           Sewer (visited)
 Bailey (1/1)

Altars:
Ashenzari
Cheibriados
Dithmenos
Elyvilon
Fedhas
Gozag
Hepliaklqana
Kikubaaqudgha
Makhleb
Nemelex Xobeh
Okawaru
Qazlal
Ru
Trog
Uskayaw
Xom
Yredelemnul
Zin
The Shining One

Shops:
D:2 *   D:4 *   D:5 [   D:6 *


Innate Abilities, Weirdness & Mutations

You are immune to sickness and miasma.
Your stone body is resilient. (AC +6)
You are immune to poison.
You resist negative energy. (rN+)
You are resistant to electric shocks. (rElec)
You are resistant to unholy torment.
You are immune to petrification.


Message History

Things that are here:
a +0 halberd of draining; a +0 halberd of draining; a gnoll corpse
There is an open door here.
Aiming: Sandblast (safe; 1% risk of failure)
Press: ? - help, Q - select action, (/) - cycle Shift-Dir - straight line, f - gnoll
Aim: a gnoll, wielding a +0 halberd of draining (87% to hit)
You feel a surge of power!
The blast of sand hits the gnoll!!
You kill the gnoll!
Aiming: Sandblast (safe; 1% risk of failure)
Press: ? - help, Q - select action, (/) - cycle Shift-Dir - straight line, f - orc warrior
Aim: an orc warrior, wielding a +1 halberd of electrocution and wearing a +0 plate armour (85% to hit)
You feel a surge of power!
The blast of sand hits the orc warrior but does no damage.
The orc warrior closely misses you.
The orc warrior hits you from afar with a +1 halberd of electrocution!
Aiming: Sandblast (safe; 1% risk of failure)
Press: ? - help, Q - select action, (/) - cycle Shift-Dir - straight line, f/p - orc warrior
Aim: an orc warrior, wielding a +1 halberd of electrocution and wearing a +0 plate armour (85% to hit)
You feel a surge of power!
The blast of sand hits the orc warrior but does no damage.
The orc warrior completely misses you.
The orc warrior hits you from afar with a +1 halberd of electrocution!
Aiming: Sandblast (safe; 1% risk of failure)
Press: ? - help, Q - select action, (/) - cycle Shift-Dir - straight line, f/p - orc warrior
Aim: an orc warrior, wielding a +1 halberd of electrocution and wearing a +0 plate armour (85% to hit)
You feel a surge of power!
The blast of sand hits the orc warrior!!
The orc warrior is almost dead.
The orc warrior hits you from afar with a +1 halberd of electrocution!
* * * LOW HITPOINT WARNING * * *
The orc warrior hits you from afar with a +1 halberd of electrocution.
* * * LOW HITPOINT WARNING * * *
Okay, then.
You feel better.
The orc warrior hits you from afar with a +1 halberd of electrocution!
* * * LOW HITPOINT WARNING * * *
Okay, then.
You feel better.
The orc warrior hits you from afar with a +1 halberd of electrocution!!
You die...

#)###)# #.#)#
#.# #)# #'#
### ### ### ##
#.###)# #.#g#
##'##'##+# #+
+##+ ##.....#
!.!#
###.....###
!.!.#
#)'..⌠..')#
.⌠.!+
###.....###
.!.! ##....@##
#!.
##'##'##'###'#
#.###)###og.#
### ### #####


You could see an orc warrior and a gnoll.

Vanquished Creatures
  Sigmund (D:6)
  A water moccasin (Sewer)
  A sky beast (D:6)
  2 orc warriors
  3 ice beasts (D:6)
  An ogre (D:6)
  A centaur (D:6)
  2 phantoms
  A bullfrog (D:7)
  2 necrophages (D:4)
  3 howler monkeys
  3 hounds
  2 jellies
  5 orc priests
  Jessica (D:2)
  Ijyb (D:3)
  5 orc wizards
  12 gnolls
  10 adders
  A river rat (D:6)
  2 shadow imps (D:6)
  A white imp (D:7)
  An ufetubus (D:4)
  7 worms
  6 dart slugs
  32 orcs
  15 bats
  6 endoplasms
  5 giant cockroaches
  8 goblins
  4 hobgoblins
  3 jackals
  7 kobolds
  2 quokkas
  9 ball pythons
  2 frilled lizards
  5 rats
173 creatures vanquished.

Vanquished Creatures (others)
  A fungus (D:2)
  34 plants (D:4)
35 creatures vanquished.

Grand Total: 208 creatures vanquished

Notes
Turn   | Place    | Note
-------+----------+-------------------------------------------
     0 | D:1      | quixfox the Gargoyle Earth Elementalist began the quest for
                  | the Orb.
     0 | D:1      | Reached XP level 1. HP: 10/10 MP: 3/3
   137 | D:1      | Reached skill level 4 in Earth Magic
   137 | D:1      | Reached XP level 2. HP: 9/15 MP: 0/5
   972 | D:2      | Reached XP level 3. HP: 19/19 MP: 4/7
   975 | D:2      | Learned a level 2 spell: Passwall
   979 | D:2      | Learned a level 3 spell: Stone Arrow
  1146 | D:2      | Found a shimmering altar of Xom.
  1578 | D:2      | Reached skill level 1 in Conjurations
  1719 | D:2      | Found Idesaux's Assorted Antiques.
  1724 | D:2      | Noticed Jessica
  1725 | D:2      | Killed Jessica
  1726 | D:2      | Reached XP level 4. HP: 24/24 MP: 6/8
  2035 | D:3      | Reached skill level 5 in Earth Magic
  2035 | D:3      | Reached XP level 5. HP: 21/28 MP: 1/9
  2112 | D:3      | Noticed Ijyb
  2123 | D:3      | Killed Ijyb
  2778 | D:4      | Reached XP level 6. HP: 32/32 MP: 9/11
  3342 | D:4      | Reached skill level 6 in Earth Magic
  3469 | D:4      | Reached XP level 7. HP: 35/36 MP: 9/13
  3605 | D:4      | Found Wipses's Neck Hole.
  3779 | D:2      | Bought a shiny helmet for 180 gold pieces
  4344 | D:5      | Entered Level 5 of the Dungeon
  4344 | D:5      | Found Deishry's Armour Emporium.
  4511 | D:5      | Found a staircase to the Ecumenical Temple.
  4519 | Temple   | Entered the Ecumenical Temple
  4691 | D:5      | Found an ancient bone altar of Kikubaaqudgha.
  4778 | D:5      | Reached skill level 1 in Fighting
  4781 | D:5      | Reached skill level 1 in Evocations
  5133 | D:6      | Found Zyoll's Assorted Antiques.
  5237 | D:6      | Reached skill level 5 in Spellcasting
  5237 | D:6      | Reached skill level 7 in Earth Magic
  5237 | D:6      | Reached XP level 8. HP: 44/44 MP: 11/15
  5249 | D:6      | Noticed Sigmund
  5300 | D:6      | Killed Sigmund
  5301 | D:6      | Reached skill level 5 in Conjurations
  5627 | D:6      | Found a glowing drain.
  5636 | Sewer    | Entered a sewer
  5819 | D:6      | Upgraded the game from 0.29-a0-923-g6e406bff71 to
                  | 0.29-a0-925-g0a7a3d12f8
  5981 | D:6      | Found a sparkling altar of Nemelex Xobeh.
  6064 | D:6      | Found a stormy altar of Qazlal.
  6241 | D:6      | Reached XP level 9. HP: 52/52 MP: 14/17
  6387 | D:6      | Reached skill level 8 in Earth Magic
  6391 | D:6      | Reached skill level 1 in Staves
  6784 | D:7      | Learned a level 5 spell: Lee's Rapid Deconstruction
  6911 | D:7      | Found a flagged portal.
  7043 | Bailey   | Entered a bailey
  7278 | Bailey   | HP: 1/52 [orc warrior/+1 halberd of electrocution (6)]
  7280 | Bailey   | Mangled by an orc warrior

Illustrated notes

Levels and vault maps discovered:
D:1:      psy_arrival_radial01, layout_basic
D:2:      layout_basic, serial_shops, shop, basic_altar, uniq_jessica,
          uniq_crazy_yiuf_cottage
D:3:      layout_basic, uniq_ijyb
D:4:      minmay_polygon_palace, layout_loops_ring, serial_bayou,
          serial_bayou_pond_b, serial_bayou_lagoon_a, serial_bayou_lagoon_b,
          serial_bayou_pond_c, nicolae_shop_sticking_my_neck_out
D:5:      layout_basic, mainiacjoe_overflow_chevrons,
          minmay_temple_entry_arrows, serial_shops, nicolae_shop_stone
D:6:      layout_cave_pods, grunt_qazlal_sundering, marbit_many_paths,
          lightli_sewer_entry_pipes, enter_ossuary_5, serial_shops,
          nicolae_stop_n_shop_2, serial_park_tiny_2, uniq_sigmund
D:7:      layout_gridville, nzn_ghost_randoct, enter_bailey_8
Temple:   hellmonk_temple_of_storms
Bailey:   bailey_polearm_nasty_gnolls, bailey

Skill      XL: |  1  2  3  4  5  6  7  8  9 |
---------------+----------------------------+-----
Earth Magic    | 4 5 6 7 8 |  8.3
Conjurations   | 1 2 3 4 5 6 |  6.2
Spellcasting   | 3 4 5 6 |  6.0
Fighting       | 1 3 4 |  4.3
Evocations     | 1 3 |  3.4
Staves         | 1 |  1.8
Dodging        | |  1.5
Stealth        | |  2.1
Transmutations | |  0.7

Action                   |  1- 3 |  4- 6 |  7- 9 || total
-------------------------+-------+-------+-------++-------
Melee: Unarmed           |    11 |       |       ||    11
       Whip              |     2 |     1 |       ||     3
       Staff             |       |       |     2 ||     2
Throw: Dart              |       |     2 |       ||     2
 Cast: Sandblast         |    53 |    86 |   136 ||   275
       Passwall          |       |       |     1 ||     1
  Use: Scroll            |       |       |    13 ||    13
       Potion            |       |       |     4 ||     4
Armor: Robe              |    14 |    23 |    35 ||    72
Dodge: Dodged            |    27 |    33 |    75 ||   135

Table legend: (Time is in decaauts)
 A = Elapsed time spent in this place.
 B = Non-inter-level travel time spent in this place.
 C = Inter-level travel time spent in this place.
 D = Time resting spent in this place.
 E = Time spent auto-exploring this place.
 F = Levels seen in this place.
 G = Mean time per level.
                   A        B        C        D        E       F      G
               +--------+--------+--------+--------+--------+-----+--------+
         Total |   7635 |   7048 |    587 |   1151 |   3506 |  10 |  763.5 |
       Dungeon |   7187 |   6600 |    587 |   1058 |   3506 |   7 | 1026.7 |
        Temple |     40 |     40 |      0 |      0 |      0 |   1 |   40.0 |
         Sewer |    140 |    140 |      0 |     48 |      0 |   1 |  140.0 |
        Bailey |    266 |    266 |      0 |     45 |      0 |   1 |  266.0 |
               +--------+--------+--------+--------+--------+-----+--------+

Top non-repeatable levels by time:
     D:4: 1813 daAuts
     D:6: 1390 daAuts
     D:2: 1067 daAuts
     D:5: 982 daAuts
     D:1: 934 daAuts
     D:3: 718 daAuts
     D:7: 279 daAuts
  Bailey: 266 daAuts
   Sewer: 140 daAuts
  Temple: 40 daAuts
